 Dungeon Crawl Stone Soup version 0.26.1-2-gb8aa6d0cf2 (webtiles) character file.

Game seed: 4433693331249166385

196 Almogavar the Ruffian (level 5, -3/53 HPs)
             Began as a Troll Monk on Mar 30, 2021.
             Slain by a hobgoblin
             ... wielding a +0 club
             ... led by Robin
              (7 damage)
             ... on level 3 of the Dungeon.
             The game lasted 00:04:18 (1953 turns).

Almogavar the Ruffian (Troll Monk)                  Turns: 1953, Time: 00:04:18

Health: -3/53      AC:  7    Str: 20    XL:     5   Next: 45%
Magic:  4/4        EV: 11    Int:  6    God:
Gold:   167        SH:  0    Dex: 12    Spells: 4/4 levels left

rFire    + . .     SeeInvis .     - Unarmed
rCold    x . .     Faith    .   (no shield)
rNeg     . . .     Spirit   .   a - +0 robe
rPois    .         Reflect  .   (helmet restricted)
rElec    .         Harm     .   l - +0 cloak
rCorr    .         Rampage  .   (gloves unavailable)
Will     .....                  (boots unavailable)
Stlth    ++........             (no amulet)
HPRegen  0.57/turn              c - ring of fire
MPRegen  0.09/turn              (no ring)

@: no status effects
A: large, unfitting armour, claws 3, regeneration 1, shaggy fur 1, tough skin 3
a: no special abilities


You were on level 3 of the Dungeon.
You visited 1 branch of the dungeon, and saw 4 of its levels.

You collected 167 gold pieces.

Inventory:

Armour
 a - a +0 robe (worn)
 l - a +0 cloak (worn)
Jewellery
 c - a ring of fire (left claw)
Scrolls
 e - a scroll of fear {unknown}
 g - 4 scrolls of remove curse
 i - a scroll of enchant weapon
 j - 2 scrolls of immolation {unknown}
 m - a scroll of noise {unknown}
Potions
 b - a potion of attraction
 d - a potion of resistance
 f - a potion of ambrosia {unknown}
 h - a potion of might {unknown}
 k - a potion of degeneration {unknown}
 n - 2 potions of curing {unknown}
 o - a potion of invisibility {unknown}


   Skills:
 + Level 3.0 Fighting
 + Level 3.1 Dodging
 + Level 1.5 Stealth
 + Level 4.9 Unarmed Combat


You had 4 spell levels left.
You didn't know any spells.
Your spell library contained the following spells:

 Spells                   Type           Power        Failure   Level
 Magic Dart               Conj           0%           45%         1
 Blink                    Tloc           N/A          58%         2
 Call Imp                 Summ           0%           58%         2
 Slow                     Hex            0%           58%         2
 Conjure Flame            Conj/Fire      0%           83%         3
 Mephitic Cloud           Conj/Pois/Air  0%           83%         3


Dungeon Overview and Level Annotations

Branches:
Dungeon (4/15)
 Temple: D:4-7

Altars:
Ashenzari
Vehumet
Wu Jian

Annotations:
D:4 Robin


Innate Abilities, Weirdness & Mutations

You are too large for most types of armour.
You have claws for hands.
Your natural rate of healing is unusually fast.
You are covered in fur. (AC +1)
You have extremely tough skin. (AC +3)


Message History

Unknown command.
You claw the goblin!
You kill the goblin!
The goblin hits you.
* * * LOW HITPOINT WARNING * * *
The goblin hits you but does no damage.
You scratch the goblin.
The goblin is heavily wounded.
The goblin hits you but does no damage. The goblin closely misses you.
The hobgoblin barely misses you. The goblin barely misses you. x2
You claw the goblin!
You kill the goblin!
The hobgoblin hits you with a +0 club.
* * * LOW HITPOINT WARNING * * *
The goblin hits you but does no damage. The goblin closely misses you.
The goblin barely misses you.
You barely miss the hobgoblin.
You claw the hobgoblin, but do no damage.
The hobgoblin hits you with a +0 club!
You die...

#.##..............#.#
#...........#......##
####..#####.#.####.#
#.)......#.##...#
######.#........##.#.#
#......#.............#
#.######..).>..###.### #.#
#..g.g..# #.# ### #.# #..†@...#
#.#### ..####.# #..g)g..# #....#
.......# #.......######.#
####...### ####......# #.#
#........# ######.####.#
#...#....# #........####
#....##..## ######.#.##.....^#
##'#.†⌠...####...#.......####.###
.....))#............#.##.####.#<.


You could see a hobgoblin (strong) and 3 goblins.

Vanquished Creatures
  Terence (D:2)
  An iguana (D:4)
  An orc wizard (D:3)
  3 adders
  A gnoll (D:1)
  An ooze (D:2)
  A worm (D:2)
  4 dart slugs
  2 leopard geckos (D:1)
  5 orcs (D:3)
  A ball python (D:1)
  9 bats
  5 hobgoblins
  2 jackals (D:1)
  5 kobolds
  A frilled lizard (D:3)
  11 goblins
  11 rats
65 creatures vanquished.

Notes
Turn   | Place    | Note
-------+----------+-------------------------------------------
     0 | D:1      | Almogavar the Troll Monk began the quest for the Orb.
     0 | D:1      | Reached XP level 1. HP: 22/22 MP: 0/0
    57 | D:1      | Reached XP level 2. HP: 22/29 MP: 1/1
   195 | D:1      | Reached XP level 3. HP: 36/36 MP: 2/2
   796 | D:2      | Noticed Terence
   805 | D:2      | Killed Terence
   806 | D:2      | Reached XP level 4. HP: 41/44 MP: 3/3
   809 | D:2      | Reached skill level 4 in Unarmed Combat
  1136 | D:2      | Found an ornate altar of the Wu Jian Council.
  1360 | D:3      | Reached XP level 5. HP: 52/52 MP: 4/4
  1438 | D:3      | Found a radiant altar of Vehumet.
  1608 | D:3      | Found a broken altar of Ashenzari.
  1930 | D:4      | Noticed Robin
  1934 | D:4      | Identified the +6 war axe of Kiylam {freeze, +Inv SInv}
  1953 | D:3      | Slain by a hobgoblin

Illustrated notes

Levels and vault maps discovered:
D:1:      psy_arrival_terrarium, layout_basic
D:2:      layout_basic, general_overflow_altar, uniq_terence
D:3:      layout_loops_cross, fiery_altar_vehumet, evilmike_ruin_ashenzari
D:4:      layout_loops_ring, chequers_temple_overflow_statue_of_worship,
          ebering_ghost_reflecting_pool, uniq_robin

Skill      XL: |  1  2  3  4  5 |
---------------+----------------+-----
Dodging        | 3 |  3.1
Unarmed Combat | 4 |  4.9
Fighting       | 3 |  3.0
Stealth        | |  1.5

Action                   |  1- 3 |  4- 6 || total
-------------------------+-------+-------++-------
Melee: Unarmed           |    89 |    75 ||   164
       Punch             |       |     1 ||     1
  Use: Scroll            |     3 |     1 ||     4
 Stab: Sleeping          |     1 |     2 ||     3
Armor: Robe              |    36 |    38 ||    74
Dodge: Dodged            |    54 |    55 ||   109
